 Dungeon Crawl Stone Soup version 0.22-b1-59-g0aedee734a (webtiles) character file.

127 Kirk the Chopper (level 4, -10/34 HPs)
             Began as a Demonspawn Gladiator on Aug 10, 2018.
             Mangled by a mummy (13 damage)
             ... in an ossuary.
             The game lasted 00:04:49 (2439 turns).

Kirk the Chopper (Demonspawn Gladiator)             Turns: 2439, Time: 00:04:50

Health: -10/34     AC:  4    Str: 15    XL:     4   Next: 85%
Magic:  4/4        EV: 12    Int: 10    God:
Gold:   233        SH:  0    Dex: 14    Spells: 3/3 levels left

rFire    + + .     SeeInvis .   a - +0 war axe
rCold    . . .     Gourm    .   (no shield)
rNeg     . . .     Faith    .   l - +1 leather armour {rF+}
rPois    .         Spirit   .   (helmet restricted)
rElec    .         Reflect  .   (no cloak)
rCorr    .         Harm     .   (no gloves)
MR       .....                  (no boots)
Stlth    +.........             (no amulet)
HPRegen  0.11/turn              (no ring)
MPRegen  0.09/turn              (no ring)

@: no status effects
A: antennae 1, fire resistance 1
a: no special abilities


You were in an ossuary.
You were not hungry.

You visited 1 branch of the dungeon, and saw 4 of its levels.
You also visited: Ossuary.

You collected 233 gold pieces.

Inventory:

Hand Weapons
 a - a +0 war axe (weapon)
Missiles
 d - 3 throwing nets (quivered)
Armour
 c - a +0 helmet
 j - a +0 ring mail
 l - a +1 leather armour of fire resistance (worn)
Wands
 m - a wand of flame (26)
 o - a wand of enslavement (11)
Scrolls
 b - a scroll of magic mapping
 h - 4 scrolls of teleportation
 n - a scroll of remove curse
 p - a scroll of fog {unknown}
Potions
 e - a potion of flight
 k - a potion of resistance
Comestibles
 f - 9 rations


   Skills:
 + Level 2.3 Fighting
 * Level 4.7 Axes
 - Level 1.7 Throwing
 + Level 1.0 Armour
 - Level 2.6 Dodging


You had 3 spell levels left.
You didn't know any spells.
Your spell library was empty.

Dungeon Overview and Level Annotations

Branches:
Dungeon (4/15)
 Temple: D:4-7

Altars:
Zin

Annotations:
D:4 Duvessa


Innate Abilities, Weirdness & Mutations

You have a pair of small antennae on your head.
Your flesh is heat resistant. (rF+)


Message History

You barely miss the mummy.
The mummy is moderately damaged.
You barely miss the mummy. The mummy hits you.
A mummy comes into view.
Unknown command.
You hit the mummy.
The mummy is heavily damaged.
You hit the mummy. The mummy hits you!
* * * LOW HITPOINT WARNING * * *
You are too injured to fight recklessly!
You are too injured to fight recklessly!
Unknown command.
Okay, then.
You feel yourself slow down.
There is a gate leading back out of this place here.
You float gracefully downwards.
You hit the mummy.
The mummy is heavily damaged.
The mummy hits you!
You die...

.+ .# M+
.# .+
#####.#
#@MM#.+
{#.=.'.#
#...#.'.#
#####.###
.' '## .#
##


You could see 2 mummies.

Vanquished Creatures
  Natasha (D:4)
  A mummy (Ossuary)
  3 adders
  2 leopard geckos
  2 orcs (D:3)
  4 bats
  4 giant cockroaches
  3 goblins
  4 hobgoblins
  11 jackals (D:1)
  A quokka (D:3)
  2 ball pythons
  6 frilled lizards
  A jackal skeleton (D:4)
  5 kobolds
  A leopard gecko skeleton (D:4)
  An orc skeleton (D:4)
  8 rats
60 creatures vanquished.

Vanquished Creatures (others)
  An orc skeleton (D:4)
1 creature vanquished.

Grand Total: 61 creatures vanquished

Notes
Turn   | Place    | Note
-------+----------+-------------------------------------------
     0 | D:1      | Kirk the Demonspawn Gladiator began the quest for the Orb.
     0 | D:1      | Reached XP level 1. HP: 16/16 MP: 1/1
    85 | D:1      | Reached skill level 3 in Axes
   160 | D:1      | Gained mutation: Your flesh is heat resistant. (rF+) [demonic ancestry]
   160 | D:1      | Reached XP level 2. HP: 20/22 MP: 2/2
   533 | D:1      | Reached XP level 3. HP: 27/27 MP: 3/3
  1182 | D:2      | Reached skill level 4 in Axes
  1746 | D:3      | Gained mutation: You have a pair of small antennae on your head. [demonic ancestry]
  1746 | D:3      | Reached XP level 4. HP: 29/33 MP: 4/4
  2259 | D:4      | Found a glowing silver altar of Zin.
  2350 | D:4      | Noticed Natasha
  2358 | D:4      | Killed Natasha
  2358 | D:4      | Reached skill level 1 in Armour
  2385 | D:4      | Noticed Duvessa
  2405 | D:4      | Found a sand-covered staircase.
  2412 | Ossuary  | Entered an ossuary
  2439 | Ossuary  | Mangled by a mummy

Skill      XL: |  1  2  3  4 |
---------------+-------------+-----
Axes           | 3 4 |  4.7
Armour         | 1 |  1.0
Fighting       | |  2.3
Throwing       | |  1.7
Dodging        | |  2.6

Action                   |  1- 3 |  4- 6 || total
-------------------------+-------+-------++-------
Melee: War axe           |   120 |    50 ||   170
Evoke: Wand              |       |     1 ||     1
  Use: Scroll            |     6 |     2 ||     8
       Potion            |       |     4 ||     4
  Eat: Chunk             |     3 |     2 ||     5
Armor: Leather armour    |     8 |     1 ||     9
       Ring mail         |    59 |    21 ||    80
Dodge: Dodged            |    90 |    43 ||   133
